 Dungeon Crawl Stone Soup version 0.24-a0-434-gd57e52fea8 (webtiles) character file.

Game seed: 7974138827362839384

26477 Azzok the Severer (level 13, -2/86 HPs)
             Began as a Formicid Fighter on June 15, 2019.
             Was a High Priest of Okawaru.
             Slain by a ten-headed hydra (8 damage)
             ... on level 2 of the Lair of Beasts.
             The game lasted 00:25:11 (17251 turns).

Azzok the Severer (Formicid Fighter)               Turns: 17251, Time: 00:25:12

Health: -2/86      AC: 27    Str: 25    XL:     13   Next: 58%
Magic:  20/20      EV:  9    Int:  9    God:    Okawaru [*****.]
Gold:   583        SH: 14    Dex: 10    Spells: 12/12 levels left

rFire    + + +     SeeInvis +   h - +1 halberd (flame)
rCold    . . .     Gourm    .   c - +0 shield
rNeg     . . .     Faith    .   A - +8 plate armour of Love and Death {rF+++}
rPois    .         Spirit   .   (helmet unavailable)
rElec    .         Reflect  .   y - +0 cloak
rCorr    .         Harm     .   (no gloves)
MR       +....                  G - +1 pair of boots
Stlth    ..........             z - amulet of the acrobat
HPRegen  0.24/turn              (no ring)
MPRegen  0.17/turn              (no ring)

@: heroism, finesse, lightly drained
A: permanent stasis, dig shafts and tunnels, four strong arms, antennae 3
a: Dig, Shaft Self, Heroism, Finesse, Renounce Religion


You were on level 2 of the Lair of Beasts.
You worshipped Okawaru.
Okawaru was extremely pleased with you.
You were not hungry.

You visited 2 branches of the dungeon, and saw 13 of its levels.
You also visited: Volcano.

You collected 692 gold pieces.
You spent 109 gold pieces at shops.

Inventory:

Hand Weapons
 a - a +0 war axe
 e - a +2 dagger of venom
 h - a +1 halberd of flaming (weapon)
 v - a +1 whip of electrocution
 x - the +5 broad axe "Lyhacics" {venom, rElec rF+ Dex+2}
   (Okawaru gifted it to you on level 1 of the Lair of Beasts)

   It poisons the flesh of those it strikes.
   It affects your dexterity (+2).
   It protects you from fire.
   It insulates you from electricity.
Missiles
 i - 4 throwing nets (quivered)
Armour
 c - a +0 shield (worn)
 y - a +0 cloak (worn)
 A - the +8 plate armour of Love and Death (worn) {rF+++}
   (Okawaru gifted it to you on level 8 of the Dungeon)

   It renders you almost immune to fire.
 G - a +1 pair of boots (worn)
Jewellery
 b - an uncursed ring of fire
 l - the ring "Hotutz" {rElec rF+ MR+ Str+2 Int+4, unknown}
   (You found it on level 1 of the Lair of Beasts)

   [ring of protection from magic]

   It affects your strength (+2).
   It affects your intelligence (+4).
   It protects you from fire.
   It insulates you from electricity.
   It affects your resistance to hostile enchantments.
 z - an amulet of the acrobat (around neck)
Wands
 o - a wand of disintegration (10)
 B - a wand of flame (20)
 E - a wand of scattershot (3)
Scrolls
 j - 2 scrolls of random uselessness {unknown}
 k - 7 scrolls of teleportation {unknown}
 n - 2 scrolls of immolation {unknown}
 p - 3 scrolls of enchant weapon {unknown}
 r - 4 scrolls of magic mapping
 s - a scroll of fog {unknown}
 D - a scroll of remove curse
 F - a scroll of torment
Potions
 d - a potion of lignification
 g - a potion of ambrosia
 m - 3 potions of flight
 q - a potion of curing
 t - 3 potions of agility
 u - a potion of resistance {unknown}
 w - a potion of might
Miscellaneous
 C - a phial of floods
Comestibles
 f - 29 rations


   Skills:
 - Level 3.2(8.2) Fighting
 * Level 15.5(20.4) Axes
 + Level 6.4(11.3) Armour
 - Level 9.3(14.2) Shields
 - Level 10.0(9.9) Invocations
 - Level 10.0(9.9) Evocations


You had 12 spell levels left.
You didn't know any spells.
Your spell library contained the following spells:

 Spells                   Type           Power        Failure   Level  Hunger
 Confusing Touch          Hex            #.....       98%         1    ##.....
 Magic Dart               Conj           #...         98%         1    ##.....
 Summon Butterflies       Summ           #.......     98%         1    ##.....
 Call Imp                 Summ           #.......     99%         2    ###....
 Slow                     Hex            #.......     99%         2    ###....
 Throw Flame              Conj/Fire      #.....       99%         2    ###....
 Confuse                  Hex            #.......     100%        3    ####...
 Conjure Flame            Conj/Fire      #.......     100%        3    ####...
 Gell's Gravitas          Tloc           #.........   100%        3    ####...
 Ignite Poison            Fire/Tmut/Pois #.......     100%        3    ####...
 Mephitic Cloud           Conj/Pois/Air  #.......     100%        3    ####...
 Leda's Liquefaction      Hex/Erth       #.........   100%        4    #####..
 Petrify                  Tmut/Erth      #.......     100%        4    #####..
 Bolt of Magma            Conj/Fire/Erth #.........   100%        5    ######.
 Metabolic Englaciation   Hex/Ice        #.........   100%        5    ######.
 Summon Demon             Summ           #.........   100%        5    ######.
 Yara's Violent Unravell  Hex/Tmut       #.........   100%        5    ######.
 Iron Shot                Conj/Erth      #.........   100%        6    #######
 Statue Form              Tmut/Erth      #........    100%        6    #######
 Summon Hydra             Summ           #.........   100%        7    #######
 Shatter                  Erth           #.........   100%        9    #######
 Blink                    Tloc           Unusable     N/A         2    N/A

Dungeon Overview and Level Annotations

Branches:
Dungeon (11/15)            Temple (0/1) D:4            Lair (2/6) D:8
    Orc (0/2) D:9
  Swamp: Lair:2-4    Shoals: Lair:2-4     Snake: Lair:2-4    Spider: Lair:2-4

Altars:
Cheibriados
Dithmenos
Kikubaaqudgha
Makhleb
Nemelex Xobeh
Okawaru
Sif Muna
Vehumet
Yredelemnul

Shops:
D:4 *


Innate Abilities, Weirdness & Mutations

You cannot be hasted, slowed, berserked, paralysed or teleported.
You can dig through walls and to a lower floor.
Your four strong arms can wield two-handed weapons with a shield.
You have a pair of large antennae on your head. (SInv)


Message History

The ten-headed hydra closely misses you.
The ten-headed hydra barely misses you.
The ten-headed hydra bites you but does no damage.
You block the ten-headed hydra's attack.
The ten-headed hydra bites you but does no damage.
The ten-headed hydra closely misses you.
The wolf bites you but does no damage. The faun barely misses you.
You hit the ten-headed hydra. You burn the ten-headed hydra.
The ten-headed hydra is moderately wounded.
You block the wolf's attack. The wolf barely misses you.
You barely miss the ten-headed hydra.
The ten-headed hydra is moderately wounded.
The ten-headed hydra bites you but does no damage.
The ten-headed hydra bites you.
* * * LOW HITPOINT WARNING * * *
You block the ten-headed hydra's attack.
The ten-headed hydra bites you!
* * * LOW HITPOINT WARNING * * *
The ten-headed hydra bites you!
You die...

▒▒·▒·····h♣ ····
▒··▒▒·†††h▒♣····
▒····▒†·▒▒▒P····
▒·▒·▒†·▒·▒·····
▒··············
▒·····th·······
▒····hchSh·····
▒▒··(hhDhhhh····
▒····▒▒▒@▒▒▒·$··
▒▒···▒▒▒▒▒ ▒···
▒▒····▒▒▒▒▒ ······
▒····▒▒▒··▒▒▒····▒
▒····▒▒▒··▒▒P····▒▒▒
▒▒·········▒▒·····▒P▒▒▒▒▒
▒····▒▒▒··▒▒▒····╬·······
▒····P▒▒··▒ ▒·[··▒▒·····▒
▒····▒▒▒·▒▒▒▒·····▒▒··▒·▒


You could see a ten-headed hydra, a faun, a black mamba, a crocodile and 10
wolves.

Vanquished Creatures
  Harold (D:8)
  A hydra (Lair:2)
  3 two-headed ogres
  Nergalle (Lair:1)
  2 unseen horrors
  Pikel (D:6)
  4 ugly things
  A cyclops (D:11)
  2 deep elf magi (D:9)
  A manticore (D:11)
  An orc sorcerer (Volcano)
  Joseph (Lair:1)
  A centaur zombie (D:10)
  A black mamba (Lair:1)
  A smoke demon (Volcano)
  A spiny frog (Lair:1)
  A rime drake (Lair:2)
  A komodo dragon (Lair:2)
  A troll (D:8)
  A red devil (Volcano)
  3 blink frogs (Lair:1)
  Grinder (D:4)
  A hippogriff (Lair:1)
  Sigmund (D:3)
  29 yaks
  2 vampires
  A wyvern (D:10)
  A hungry ghost (D:10)
  Grum (D:10)
  Menkaure (D:7)
  4 water moccasins
  A swamp drake (D:9)
  8 porcupines
  2 hell hounds (Volcano)
  3 orc warriors
  Duvessa (D:6)
  3 ice beasts
  2 phantoms
  5 ogres
  25 wolves
  7 crocodiles
  11 centaurs
  A big kobold (D:7)
  7 bullfrogs
  Dowan (D:6)
  5 scorpions
  6 wights
  4 howler monkeys
  2 bullfrog zombies
  A crimson imp (D:9)
  2 quasits
  5 orc priests
  2 hounds
  An iron imp (D:9)
  4 jellies
  2 bullfrog skeletons
  A centaur skeleton (D:9)
  Jessica (D:3)
  5 iguanas
  11 orc wizards
  Ijyb (D:5)
  Natasha (thrice) (D:3)
  9 worker ants
  2 hound skeletons (D:7)
  A worker ant zombie (D:10)
  8 gnolls
  2 howler monkey skeletons
  18 adders
  2 shadow imps
  A white imp (D:9)
  8 oozes
  An adder zombie (D:8)
  An adder skeleton (D:8)
  4 worms
  6 leopard geckos
  36 orcs
  3 giant cockroaches
  8 goblins
  10 hobgoblins
  3 jackals (D:2)
  11 kobolds
  4 quokkas
  2 ball pythons
  5 bats
  5 frilled lizards
  A quokka skeleton (D:9)
  7 rats
  A plant (Lair:2)
364 creatures vanquished.

Vanquished Creatures (others)
  An orc wizard (D:6)
  A worker ant (D:6)
  A mummy (D:6)
  An adder (D:6)
  3 orcs
  A quokka (D:6)
  A bush (Lair:1)
  2 fungi
  4 plants
15 creatures vanquished.

Grand Total: 379 creatures vanquished

Notes
Turn   | Place    | Note
-------+----------+-------------------------------------------
     0 | D:1      | Azzok the Formicid Fighter began the quest for the Orb.
     0 | D:1      | Reached XP level 1. HP: 18/18 MP: 1/1
   140 | D:1      | Reached XP level 2. HP: 22/24 MP: 2/2
   606 | D:1      | Reached XP level 3. HP: 29/29 MP: 3/3
  1301 | D:2      | Found a shadowy altar of Dithmenos.
  1354 | D:2      | Reached skill level 3 in Axes
  1542 | D:2      | Reached XP level 4. HP: 35/35 MP: 4/4
  1914 | D:2      | Found an iron altar of Okawaru.
  1923 | D:2      | Became a worshipper of Warmaster Okawaru
  2011 | D:2      | Reached skill level 5 in Shields
  2317 | D:2      | Found a burning altar of Makhleb.
  2637 | D:3      | Noticed Jessica
  2645 | D:3      | Killed Jessica
  2645 | D:3      | Reached skill level 1 in Invocations
  2645 | D:3      | Reached XP level 5. HP: 41/41 MP: 5/5
  2807 | D:3      | Noticed Natasha
  2812 | D:3      | Killed Natasha
  2844 | D:3      | Reached skill level 4 in Axes
  3168 | D:3      | Noticed Sigmund
  3180 | D:3      | Killed Sigmund
  3180 | D:3      | Reached * piety under Okawaru
  3180 | D:3      | Reached XP level 6. HP: 15/47 MP: 7/7
  3537 | D:3      | Noticed Natasha
  3545 | D:3      | Killed Natasha
  3694 | D:3      | Noticed Natasha
  3705 | D:3      | Killed Natasha
  3705 | D:3      | Reached skill level 5 in Axes
  3705 | D:3      | Reached XP level 7. HP: 42/52 MP: 9/9
  4049 | D:4      | Found Ryessyhi's General Store.
  4056 | D:4      | Bought a potion of curing for 33 gold pieces
  4056 | D:4      | Bought a scroll of magic mapping for 38 gold pieces
  4056 | D:4      | Bought a scroll of magic mapping for 38 gold pieces
  4334 | D:4      | Found a staircase to the Ecumenical Temple.
  4448 | D:4      | Noticed Grinder
  4464 | D:4      | Killed Grinder
  4464 | D:4      | Reached ** piety under Okawaru
  4588 | D:5      | Entered Level 5 of the Dungeon
  4630 | D:5      | Reached skill level 6 in Axes
  4637 | D:5      | Reached XP level 8. HP: 54/58 MP: 9/11
  4939 | D:5      | Noticed Ijyb
  4959 | D:5      | Killed Ijyb
  5047 | D:5      | Got a crude pewter ring
  5177 | D:5      | Reached skill level 7 in Axes
  5216 | D:5      | Found a radiant altar of Vehumet.
  5228 | D:5      | Reached skill level 5 in Invocations
  5955 | D:6      | Noticed Duvessa
  5955 | D:6      | Noticed Dowan
  5969 | D:6      | Killed Duvessa
  5969 | D:6      | Reached *** piety under Okawaru
  5973 | D:6      | Killed Dowan
  6143 | D:6      | Identified the Almanac of the Torrid Entourage
  6154 | D:6      | Noticed Pikel
  6182 | D:6      | Killed Pikel
  6182 | D:6      | Reached **** piety under Okawaru
  6182 | D:6      | Reached skill level 8 in Axes
  6182 | D:6      | Reached XP level 9. HP: 22/64 MP: 11/13
  6416 | D:6      | Found a snail-covered altar of Cheibriados.
  6798 | D:7      | Identified the ring of Hesmuq {+Fly Int+2 Stlth+} (You
                  | found it on level 5 of the Dungeon)
  7164 | D:7      | Found an ancient bone altar of Kikubaaqudgha.
  7513 | D:7      | Reached skill level 9 in Axes
  7518 | D:7      | Received a gift from Okawaru
  7724 | D:7      | Noticed Menkaure
  7735 | D:7      | Killed Menkaure
  7926 | D:8      | Reached XP level 10. HP: 70/70 MP: 15/15
  7953 | D:8      | Noticed an unseen horror
  7962 | D:8      | Killed an unseen horror
  8024 | D:8      | Reached skill level 10 in Axes
  8064 | D:8      | Reached skill level 1 in Evocations
  8188 | D:8      | Reached ***** piety under Okawaru
  8466 | D:8      | Found a staircase to the Lair.
  8488 | D:8      | Received a gift from Okawaru
  8505 | D:8      | Got an ichor-stained plate armour {god gift}
  8535 | D:8      | Identified the +8 plate armour of Love and Death {rF+++}
                  | (Okawaru gifted it to you on level 8 of the Dungeon)
  8894 | D:8      | Reached skill level 11 in Axes
  8934 | D:8      | Found a sparkling altar of Nemelex Xobeh.
  8940 | D:8      | Found a basalt altar of Yredelemnul.
  8981 | D:8      | Noticed a two-headed ogre
  8992 | D:8      | Killed a two-headed ogre
  8992 | D:8      | Reached XP level 11. HP: 70/75 MP: 17/17
  9126 | D:8      | Noticed Harold
  9137 | D:8      | Killed Harold
  9434 | D:9      | Noticed a two-headed ogre
  9465 | D:9      | Killed a two-headed ogre
  9465 | D:9      | Reached skill level 5 in Evocations
  9847 | D:9      | Reached skill level 12 in Axes
  9884 | D:9      | Noticed a deep elf mage
  9890 | D:9      | Noticed a deep elf mage
  9914 | D:9      | Killed a deep elf mage
  9935 | D:9      | Killed a deep elf mage
  9935 | D:9      | Reached skill level 10 in Invocations
 10419 | D:9      | Found a staircase to the Orcish Mines.
 10774 | D:10     | Entered Level 10 of the Dungeon
 11450 | D:10     | Noticed a two-headed ogre
 11492 | D:10     | Killed a two-headed ogre
 11492 | D:10     | Reached skill level 13 in Axes
 11492 | D:10     | Reached XP level 12. HP: 26/81 MP: 17/19
 11746 | D:10     | Received a gift from Okawaru
 11777 | D:10     | Noticed an unseen horror
 11780 | D:10     | Killed an unseen horror
 12079 | D:10     | Noticed Grum
 12089 | D:10     | Killed Grum
 13371 | D:11     | Reached skill level 14 in Axes
 13600 | D:11     | Found a deep blue altar of Sif Muna.
 14466 | Lair:1   | Entered Level 1 of the Lair of Beasts
 14486 | Lair:1   | Found a dark tunnel.
 14497 | Volcano  | Entered a volcano
 15049 | Lair:1   | Reached XP level 13. HP: 86/86 MP: 20/20
 15200 | Lair:1   | Received a gift from Okawaru
 15203 | Lair:1   | Got a dazzling broad axe {god gift}
 15489 | Lair:1   | Noticed Nergalle
 15512 | Lair:1   | HP: 4/86 [Nergalle/bolt of negative energy (39)]
 15515 | Lair:1   | Killed Nergalle
 15971 | Lair:1   | Reached skill level 5 in Armour
 15977 | Lair:1   | Got a clouded golden ring
 16100 | Lair:1   | Reached skill level 15 in Axes
 16678 | Lair:1   | Noticed Joseph
 16701 | Lair:1   | Killed Joseph
 16948 | Lair:2   | Identified the +5 broad axe "Lyhacics" {venom, rElec rF+
                  | Dex+2} (Okawaru gifted it to you on level 1 of the Lair of
                  | Beasts)
 17198 | Lair:2   | Noticed a five-headed hydra
 17198 | Lair:2   | Noticed a four-headed hydra
 17217 | Lair:2   | Reached skill level 10 in Evocations
 17225 | Lair:2   | Killed a one-headed hydra
 17251 | Lair:2   | Slain by a ten-headed hydra

Levels and vault maps discovered:
D:1:      saegor_arrival_simple_d, layout_basic, minivault_4
D:2:      layout_basic, kennysheep_okawaru_gauntlet,
          nicolae_overflow_crystal_walls, nicolae_dithmenos_shadow_blocks
D:3:      layout_basic, uniq_jessica, uniq_sigmund, uniq_natasha
D:4:      layout_basic, minmay_temple_entry_proselytizer, first_ration,
          serial_shops, shop_fountains, uniq_grinder
D:5:      layout_loops_ring, basic_altar, kennysheep_boxes, uniq_ijyb
D:6:      layout_loops_ring, slow_altar_1, uniq_duvessa, uniq_pikel
D:7:      layout_basic, kiku_gazebo_garden_becter, uniq_menkaure
D:8:      layout_basic, grunt_temple_overflow_open, minmay_lair_entry_grove,
          uniq_harold
D:9:      layout_big_octagon, orc_0_dummy, dk_vineyard_1,
          hangedman_little_slice_of_home, minmay_misc_feat_pillars,
          hangedman_abyss_or_decor_slice, hangedman_minor_magic
D:10:     layout_basic, uniq_grum
D:11:     layout_rooms, dk_noncrumbling_3, lemuel_centaur_altar
Lair:1:   layout_regular_city, nicolae_volcano_entry_lava_flow,
          serial_bayou_pond_d, uniq_nergalle, uniq_joseph
Lair:2:   layout_regular_city, shoals_dummy_entry, spider_nest_entry_funnel_web,
          grunt_forest_large_clearings

Skill      XL: |  1  2  3  4  5  6  7  8  9 10 11 12 13 |
---------------+----------------------------------------+-----
Shields        | 4 5 6 8 9 |  9.3
Axes           | 3 4 5 6 8 9 11 13 14 15 | 15.5
Invocations    | 1 2 4 6 7 9 10 | 10.0
Evocations     | 4 6 9 10 | 10.0
Armour         | 4 6 |  6.4
Fighting       | |  3.2

Action                   |  1- 3 |  4- 6 |  7- 9 | 10-12 | 13-15 || total
-------------------------+-------+-------+-------+-------+-------++-------
Melee: War axe           |    14 |       |    22 |    21 |       ||    57
       Dagger            |    73 |   133 |   217 |       |       ||   423
       Whip              |       |       |   208 |   914 |   251 ||  1373
       Broad axe         |       |       |       |       |    51 ||    51
       Halberd           |       |       |       |       |     6 ||     6
Invok: Heroism           |       |       |     3 |     2 |     4 ||     9
       Finesse           |       |       |       |       |     1 ||     1
  Use: Potion            |       |       |     1 |     2 |     1 ||     4
       Scroll            |       |       |     1 |    12 |     1 ||    14
  Eat: Chunk             |     2 |     6 |    14 |    13 |     4 ||    39
       Ration            |       |       |       |     4 |     1 ||     5
Armor: Scale mail        |    28 |    41 |     1 |       |       ||    70
       Chain mail        |       |       |   147 |    46 |       ||   193
       Plate armour      |       |       |       |   220 |   123 ||   343
Dodge: Dodged            |    29 |    46 |    86 |   180 |   106 ||   447
Block: Shield            |    41 |    59 |   200 |   369 |   141 ||   810

Table legend:
 A = Non-vault XP
 B = Vault XP
 C = Vault XP percentage of total XP
 D = Non-vault monster count
 E = Vault monster count
 F = Vault count percentage of total count
                 A         B        C        D         E       F
            +---------+---------+-------+---------+---------+-------
      Total |   24520 |   13305 |  35.2 |     281 |      82 |  22.6
            +---------+---------+-------+---------+---------+-------
        D:1 |      47 |       0 |   0.0 |      29 |       0 |   0.0
        D:2 |      76 |       0 |   0.0 |      21 |       0 |   0.0
        D:3 |     115 |     284 |  71.2 |      14 |       3 |  17.6
        D:4 |      41 |     316 |  88.5 |       6 |       2 |  25.0
        D:5 |     804 |      35 |   4.2 |      28 |       1 |   3.4
        D:6 |      49 |     854 |  94.6 |      10 |       3 |  23.1
        D:7 |    1044 |     157 |  13.1 |      34 |       1 |   2.9
        D:8 |    2634 |    2743 |  51.0 |      22 |      14 |  38.9
        D:9 |    2021 |    1577 |  43.8 |      14 |      24 |  63.2
       D:10 |    5230 |     541 |   9.4 |      30 |       4 |  11.8
       D:11 |    4536 |     456 |   9.1 |      35 |       4 |  10.3
     Lair:1 |    5144 |    1279 |  19.9 |      26 |       2 |   7.1
     Lair:2 |    2779 |    1862 |  40.1 |      12 |      16 |  57.1
    Volcano |       0 |    3201 | 100.0 |       0 |       8 | 100.0
            +---------+---------+-------+---------+---------+-------
